Map: Acid Plant LE

Players

Seamonsta - Winner!

  • Race: Zerg Zerg
  • League: Gold
  • Spawn Location: 5:00

IForce

  • Race: Protoss Protoss
  • League: Master
  • Spawn Location: 11:00

VOD

Have the link to the VOD?

Description

zvp cheese

Time

  • Played on: Feb. 8, 2018, 3:07 p.m.
  • Length: 9:02
Show
View Real Time Build Order
Export as new Build Order

Seamonsta Zerg - Winner!

Build Orders: Hatch First 

Get SALT Encoding   

  12  0:01  Drone  
  13  0:12  Overlord  
  13  0:16  Drone  
  14  0:30  Drone x2  
  14  0:34  Drone  
  17  0:52  Hatchery  
  17  0:55  Drone  
  17  0:59  Drone  
  18  1:08  Extractor  
  17  1:13  Spawning Pool  
  17  1:16  Drone  
  17  1:20  Drone  
  18  1:27  Overlord  
  18  1:38  Drone  
  19  1:49  Drone  
  20  2:00  Queen  
  22  2:02  Zergling x2  
  22  2:03  Queen  
  22  2:04  Drone  
  26  2:25  Metabolic Boost  
  26  2:39  Queen  
  26  2:41  Hatchery  
  26  2:43  Drone  
  28  2:54  Roach Warren  
  28  2:55  Drone  
  28  3:00  Drone  
  28  3:01  Extractor  
  28  3:05  Drone  
  29  3:14  Drone, Overlord  
  29  3:15  Drone  
  31  3:29  Drone  
  31  3:31  Drone  
  31  3:34  Roach x3  
  39  3:37  Roach  
  40  3:44  Roach x2  
  44  3:53  Zergling x2  
  44  3:54  Zergling x6  
  48  3:55  Drone  
  49  4:06  Lair  
  49  4:21  Overlord x2  
  49  4:22  Drone  
  49  4:43  Hatchery  
  48  4:52  Roach x2  
  58  4:53  Roach x4  
  58  5:01  Overlord  
  58  5:04  Zergling x4  
  59  5:18  Overlord  
  59  5:19  Drone  
  60  5:23  Ravager x3  
  60  5:26  Zergling x8  
  67  5:30  Overlord  
  67  5:40  Glial Reconstitution  
  67  5:50  Roach x2  
  67  5:51  Zergling x2  
  67  5:52  Zergling x10  
  67  5:53  Drone  
  78  6:00  Overseer  
  78  6:02  Drone x2  
  80  6:11  Zergling x2  
  80  6:12  Zergling x8  
  66  6:40  Ravager  
  66  6:41  Ravager  
  57  7:06  Ravager  
  57  7:14  Roach x7  
  68  7:15  Drone  
  68  7:16  Drone x2  
  68  7:17  Queen x2  
  68  7:20  Queen  
  75  7:30  Zergling x18  
  81  7:40  Zergling x2  
  82  7:53  Queen  
  82  7:57  Zergling x12  
  90  8:02  Overlord  
Show
View Real Time Build Order
Export as new Build Order

IForce Protoss 

Build Orders: 1 Gate Expand 

Get SALT Encoding   

  12  0:01  Probe  
  13  0:13  Probe  
  14  0:22  Pylon  
  14  0:25  Probe  
  15  0:40  Probe  
  16  0:45  Gateway  
  16  0:52  Probe  
  17  1:09  Probe  
  18  1:17  Nexus  
  18  1:25  Assimilator  
  18  1:37  Cybernetics Core  
  18  1:47  Gateway  
  18  1:51  Probe  
  19  1:59  Assimilator  
  19  2:01  Pylon  
  19  2:03  Probe  
  20  2:15  Probe  
  21  2:16  Adept  
  23  2:27  Probe  
  23  2:28  Warp Gate (Chrono Boost)  
  24  2:34  Adept (Chrono Boost)  
  25  2:39  Probe  
  26  2:46  Probe, Adept (Chrono Boost)  
  29  2:51  Probe  
  29  2:57  Pylon  
  31  2:58  Probe  
  31  3:00  Adept (Chrono Boost)  
  31  3:05  Probe  
  34  3:10  Probe, Adept  
  37  3:17  Shield Battery  
  37  3:22  Probe x2  
  39  3:28  Adept  
  41  3:34  Probe  
  42  3:44  Probe  
  42  3:45  Robotics Facility  
  42  3:46  Probe  
  44  3:54  Adept  
  44  3:55  Adept  
  48  3:56  Probe  
  48  3:58  Probe  
  48  4:00  Pylon  
  50  4:08  Probe  
  51  4:10  Probe  
  51  4:12  Assimilator  
  51  4:13  Assimilator  
  51  4:15  Pylon  
  52  4:21  Probe  
  52  4:23  Probe  
  54  4:27  Pylon  
  54  4:33  Probe  
  55  4:41  Stalker  
  55  4:43  Sentry  
  55  4:59  Gateway  
  55  5:02  Immortal (Chrono Boost)  
  59  5:10  Probe x2  
  61  5:18  Gateway  
  61  5:20  Gateway  
  61  5:22  Probe x2  
  61  5:23  Stalker  
  61  5:24  Gateway, Stalker  
  67  5:28  Pylon  
  67  5:33  Twilight Council  
  67  5:34  Probe  
  69  5:35  Pylon  
  69  5:36  Observer  
  69  5:39  Pylon  
  69  5:53  Stalker x2  
  73  5:59  Immortal  
  77  6:08  Stalker  
  79  6:24  Stalker x2  
  79  6:25  Stalker  
  69  6:34  Stalker x2  
  63  6:41  Immortal  
  61  6:53  Stalker x3  
  59  7:03  Stalker  
  59  7:04  Stalker  
  49  7:17  Immortal (Chrono Boost)  
  49  7:18  Stalker x3  
  58  7:28  Stalker x2  
  60  7:32  Observer  
  60  7:43  Cybernetics Core  
  58  7:47  Immortal (Chrono Boost)  
  61  8:08  Gateway  
  57  8:17  Zealot  
  57  8:19  Observer (Chrono Boost)  
  60  8:20  Zealot x2  
  60  8:23  Stalker  
  60  8:24  Stalker x2  
  55  8:40  Stalker x3  
  51  8:52  Stalker  
  49  8:55  Stalker  
Tags
 
Add a new tag
Caveats
  • Supply blocks, unpowered buildings, or Contaminate may cause inaccurate times.
  • Supply counts are checked every 10 seconds.